 Dungeon Crawl Stone Soup version 0.30.0-5-g1a98f26d00 (webtiles) character file.

Game seed: 5478186013164340646

121 SnakkuSnakku7 the Caller (level 4, 0/24 HPs)
             Began as a Vampire Hedge Wizard on May 9, 2023.
             Slain by a cerulean imp
             ... wielding a +2 spear
             ... summoned by Natasha
              (3 damage)
             ... on level 2 of the Dungeon.
             The game lasted 00:03:39 (1492 turns).

SnakkuSnakku7 the Caller (Vampire Hedge Wizard)     Turns: 1492, Time: 00:03:39

Health: 0/24       AC:  2    Str:  9    XL:     4   Next: 77%
Magic:  3/8        EV: 12    Int: 18    God:
Gold:   75         SH:  0    Dex: 13    Spells: 2/9 levels left

rFire   . . .        a - +0 dagger
rCold   + + .        (no shield)
rNeg    + + +        b - +0 robe
rPois   ∞            c - +0 hat
rElec   .            (no cloak)
rCorr   .            (no gloves)
SInv    +            (no boots)
Will    .....        (no amulet)
Stlth   ++++         (no ring)
HPRegen 0.00/turn    (no ring)
MPRegen 0.11/turn

%: no passive effects
@: bloodless, inhibited regen
A: bloodless, fangs 3, see invisible, vampiric 2
a: Bat Form, Revivify


You were on level 2 of the Dungeon.
You visited 1 branch of the dungeon, and saw 2 of its levels.

You collected 75 gold pieces.

Inventory:

Hand Weapons
 a - a +0 dagger (weapon)
Armour
 b - a +0 robe (worn)
 c - a +0 hat (worn)
Scrolls
 g - a scroll of amnesia {unknown}
 i - 2 scrolls of fear {unknown}
 j - a scroll of poison {unknown}
 k - a scroll of blinking {unknown}
 m - a scroll of identify {unknown}
 n - a scroll of immolation {unknown}
 o - a scroll of enchant weapon {unknown}
Potions
 d - a potion of magic
 e - 2 potions of brilliance {unknown}
 f - a potion of flight {unknown}
 h - a potion of mutation {unknown}
 l - a potion of invisibility {unknown}


   Skills:
 - Level 3.0 Short Blades
 - Level 2.1 Dodging
 - Level 3.0 Stealth
 - Level 3.0 Spellcasting
 - Level 0.6 Conjurations
 + Level 3.6 Summonings
 - Level 0.7 Translocations


You had 2 spell levels left.
You knew the following spells:

 Your Spells              Type           Power      Damage    Failure   Level
a - Magic Dart            Conj           16%        1d3       13%         1
b - Slow                  Hex            8%         N/A       16%         1
c - Mephitic Cloud        Conj/Pois/Air  3%         N/A       41%         3
d - Call Imp              Summ           30%        N/A       5%          2

Your spell library contained the following spells:

 Spells                   Type           Power      Damage    Failure   Level
 Blink                    Tloc           10%        N/A       19%         2
 Cigotuvi's Dreadful Rot  Necr/Pois/Air  4%         N/A       24%         2


Dungeon Overview and Level Annotations

Branches:
Dungeon (2/15)

Altars:

Annotations:
D:2 Natasha


Innate Abilities, Weirdness & Mutations

You do not regenerate when monsters are visible.
You are frail without blood (-20% HP).
You can heal yourself when you bite living creatures.
You are immune to poison.
You have razor-sharp teeth.
You have supernaturally acute eyesight. (SInv)
You are afflicted with vampirism and can become a bat while bloodless.


Message History

The cerulean imp hits you from afar with a +2 spear.
Your cerulean imp closely misses Natasha.
You hit Natasha but do no damage.
Natasha is moderately wounded.
Natasha closely misses you. The cerulean imp misses you.
Your cerulean imp hits Natasha from afar with a -3 spear.
You closely miss Natasha.
Natasha is severely wounded.
Natasha barely misses you.
The cerulean imp hits you from afar with a +2 spear.
Your cerulean imp closely misses Natasha.
You closely miss Natasha.
Natasha is severely wounded.
Natasha drinks a potion.
Natasha is healed!
The cerulean imp hits you from afar with a +2 spear.
* * * LOW HITPOINT WARNING * * *
Unknown command.
You feel better.
Your cerulean imp disappears in a puff of smoke!
Natasha claws you.
* * * LOW HITPOINT WARNING * * *
The cerulean imp barely misses you.
Okay, then.
Casting: Slow (safe; 16% risk of failure)
Confirm with . or Enter, or press ? or * to list all spells.
A tiny devil pulls itself out of the air.
Natasha claws you but does no damage. The cerulean imp closely misses you.
Unknown command.
Your cerulean imp completely misses the cerulean imp.
You swap places.
Natasha barely misses your cerulean imp.
The cerulean imp hits you from afar with a +2 spear.
* * * LOW HITPOINT WARNING * * *
Your cerulean imp closely misses the cerulean imp.
The cerulean imp closely misses you.
Your cerulean imp closely misses the cerulean imp.
Natasha mumbles some strange words.
Your cerulean imp hits the cerulean imp from afar with a -3 spear.
The cerulean imp hits you from afar with a +2 spear.
You die...

#....[....# #####.###.....h
###..# ##.## ###...5### #.
##.....h5.###.# #...#..#...##.#
######### ##......5......#
#.......# ##..#......#....#
#.#####.# #..........@....# #.#
#.# #.............#.###.### #.#
#...#......#..........###.##
#............##.###.#.......
#.....#..#.......##.####.... ###
#.##........#.....#.......##
..####..#....†........#######.###
..##........########.## #.###
..##.###.##.# #.# #.##.


You could see Natasha, 2 cerulean imps and a friendly cerulean imp (summoned).

Vanquished Creatures
  Natasha (twice) (D:2)
  2 adders (D:2)
  A dart slug (D:2)
  6 bats
  4 endoplasms
  A giant cockroach (D:1)
  2 goblins
  2 hobgoblins
  8 jackals (D:1)
  4 kobolds
  5 quokkas
  7 ball pythons (D:1)
  A frilled lizard (D:1)
45 creatures vanquished.

Notes
Turn   | Place    | Note
-------+----------+-------------------------------------------
     0 | D:1      | SnakkuSnakku7 the Vampire Hedge Wizard began the quest for
                  | the Orb.
     0 | D:1      | Reached XP level 1. HP: 13/13 MP: 4/4
    39 | D:1      | Reached skill level 1 in Short Blades
   156 | D:1      | Reached XP level 2. HP: 18/19 MP: 6/6
   693 | D:1      | Gained mutation: You are afflicted with vampirism and can
                  | become a bat while bloodless. [Vampire growth]
   693 | D:1      | Reached XP level 3. HP: 24/24 MP: 7/7
   695 | D:1      | Learned a level 1 spell: Slow
   699 | D:1      | Learned a level 3 spell: Mephitic Cloud
   702 | D:1      | Learned a level 2 spell: Call Imp
  1238 | D:2      | Noticed Natasha
  1242 | D:2      | Killed Natasha
  1243 | D:2      | Reached XP level 4. HP: 24/24 MP: 8/8
  1411 | D:2      | Noticed Natasha
  1420 | D:2      | Killed Natasha
  1467 | D:2      | Identified the +0 ring mail of the Vacuum {rC+ Will+ rCorr}
  1469 | D:2      | Noticed Natasha
  1492 | D:2      | Slain by a cerulean imp

Illustrated notes

Levels and vault maps discovered:
D:1:      evilmike_arrival_plus, layout_basic, minmay_misc_feat_alley
D:2:      layout_loops_corners, basic_altar, minmay_misc_feat_plants,
          mrwooster_statue_mirror, uniq_natasha

Skill      XL: |  1  2  3  4 |
---------------+-------------+-----
Short Blades   | 1 3 |  3.0
Summonings     | 2 3 |  3.6
Dodging        | |  2.1
Stealth        | |  3.0
Spellcasting   | |  3.0
Conjurations   | |  0.6
Translocations | |  0.7

Action                     |  1- 3 |  4- 6 || total
---------------------------+-------+-------++-------
  Melee: Dagger            |   168 |    32 ||   200
         Bite              |    17 |     6 ||    23
         Punch             |     3 |       ||     3
   Cast: Magic Dart        |     3 |       ||     3
         Call Imp          |     1 |     4 ||     5
         Slow              |       |     2 ||     2
Ability: Exsanguinate      |     1 |       ||     1
    Use: Potion            |       |     1 ||     1
   Stab: Sleeping          |     6 |     3 ||     9
 Armour: Robe              |    35 |     3 ||    38
  Dodge: Dodged            |   109 |    19 ||   128
